 Dungeon Crawl Stone Soup version 0.27-a0-1090-gb115f176c6 (webtiles) character file.

Game seed: 15287111989903866387

86 kae the Magician (level 4, -3/32 HPs)
             Began as a Djinni Fire Elementalist on Apr 27, 2021.
             Killed from afar by a white imp (13 damage)
             ... with a puff of frost
             ... on level 3 of the Dungeon.
             The game lasted 00:02:04 (3569 turns).

kae the Magician (Djinni Fire Elementalist)         Turns: 3569, Time: 00:02:04

Health: -3/32      AC:  2    Str:  7    XL:     4   Next: 50%
Gold:   53         EV: 12    Int: 18    God:
                   SH:  0    Dex: 13

rFire    + + .     SeeInvis .   (no weapon)
rCold    x . .     Faith    .   (no shield)
rNeg     . . .     Spirit   .   a - +0 robe
rPois    ∞         Reflect  .   (no helmet)
rElec    .         Harm     .   (no cloak)
rCorr    .         Rampage  .   (no gloves)
Will     .....                  (boots unavailable)
Stlth    ++........             (no amulet)
HPRegen  0.10/turn              (no ring)
MPRegen  0.00/turn              (no ring)

@: flying
A: fire resistance 2, cold vulnerability 1, float, innate caster, hp casting,
extra vitality 1
a: no special abilities


You were on level 3 of the Dungeon.
You visited 1 branch of the dungeon, and saw 3 of its levels.

You collected 53 gold pieces.

Inventory:

Armour
 a - a +0 robe (worn)
Scrolls
 i - a scroll of teleportation {unknown}
Potions
 b - a potion of curing {unknown}
 c - a potion of haste {unknown}
 d - 2 potions of flight {unknown}
 e - a potion of mutation {unknown}
 f - a potion of heal wounds {unknown}
 g - a potion of invisibility {unknown}
 h - a potion of might {unknown}


   Skills:
 + Level 1.4 Fighting
 + Level 3.0 Dodging
 + Level 2.2 Stealth
 * Level 3.4 Spellcasting


You couldn't memorise any spells.
You knew the following spells:

 Your Spells              Type           Power      Damage    Failure   Level
a - Foxfire               Conj/Fire      60%        2x1d7     3%          1
b - Conjure Flame         Conj/Fire      15%        6-21      11%         3
c - Inner Flame           Hex/Fire       15%        N/A       11%         3
d - Sticky Flame          Conj/Fire      15%        2d4       36%         4
e - Fireball              Conj/Fire      7%         3d5       71%         5
f - Magic Dart            Conj           60%        1d6       3%          1
Your spell library was empty.

Dungeon Overview and Level Annotations

Branches:
Dungeon (3/15)

Altars:


Innate Abilities, Weirdness & Mutations

You are immune to poison.
Your flesh is very heat resistant. (rF++)
You are vulnerable to cold. (rC-)
You float through the air rather than walking.
You learn spells naturally, not from books.
Your magical power is your life essence.
You have superior vitality. (+4 HP)


Message History

Casting: Foxfire (safe; 3% risk of failure)
Confirm with . or Enter, or press ? or * to list all spells.
You conjure some foxfire!
The foxfire hits the adder!
The adder is severely wounded.
The foxfire hits the adder.
The adder is almost dead.
An adder is nearby!
Casting: Foxfire (safe; 3% risk of failure)
Confirm with . or Enter, or press ? or * to list all spells.
You conjure some foxfire!
The foxfire hits the adder.
You kill the adder!
Your Dodging skill increases to level 3!
Your foxfire dissipates!
A white imp comes into view.
A white imp is nearby!
A white imp is nearby!
Casting: Foxfire (safe; 3% risk of failure)
Confirm with . or Enter, or press ? or * to list all spells.
You conjure some foxfire!
The white imp shouts, "Away with thee, thou wayward moon-mazed gonus!"
The white imp gestures at you. The puff of frost hits you!
You feel a terrible chill!
The foxfire hits the white imp but does no damage.
Unknown command.
Unknown command.
Unknown command.
Your foxfire dissipates!
Casting: Foxfire (safe; 3% risk of failure)
Confirm with . or Enter, or press ? or * to list all spells.
You conjure some foxfire!
The foxfire hits the white imp but does no damage.
The foxfire hits the white imp.
The white imp is burned terribly!
The white imp is heavily wounded.
The white imp gestures at you. The puff of frost hits you!
You feel a terrible chill! The white imp gestures at you.
The puff of frost hits you!
You feel a terrible chill!
You die...

...####>...#
##.#####.#.#######
.................#
######.#...### #.# #
#......# #.##.####
#.###..# #..§..... #.#
#..# #5# ###.###..#####.#
# #..# ..<...........@##.#
#..# ###...(.....##.##.#
#..#
............##.##.#####..#
.##..................##..#
##.###.)...........##..#
#. #...###..###..##..# #.
#...# #..# #......#
##.###...# #..###..###.#
#........# #.......# #.#


You could see a white imp.

Vanquished Creatures
  3 adders
  A worm (D:2)
  A dart slug (D:2)
  9 endoplasms
  A giant cockroach (D:1)
  6 hobgoblins
  5 jackals
  2 kobolds
  3 quokkas (D:2)
  A ball python (D:3)
  4 bats
  4 frilled lizards
  6 goblins
  2 rats
48 creatures vanquished.

Vanquished Creatures (others)
  192 foxfires
192 creatures vanquished.

Grand Total: 240 creatures vanquished

Notes
Turn   | Place    | Note
-------+----------+-------------------------------------------
     0 | D:1      | kae the Djinni Fire Elementalist began the quest for the
                  | Orb.
     0 | D:1      | Reached XP level 1. HP: 15/15 MP: 0/0
   197 | D:1      | Reached XP level 2. HP: 7/22 MP: 0/0
  1451 | D:2      | Reached XP level 3. HP: 26/26 MP: 0/0
  1451 | D:2      | Learned a level 1 spell: Magic Dart
  1456 | D:2      | Reached skill level 1 in Fighting
  1640 | D:2      | Found a faded altar of an unknown god.
  3018 | D:2      | Reached XP level 4. HP: 32/32 MP: 0/0
  3569 | D:3      | Killed from afar by a white imp

Illustrated notes

Levels and vault maps discovered:
D:1:      psy_arrival_whirlpool, layout_basic
D:2:      minmay_angry_zag, layout_loops_cross, basic_ecumenical_altar
D:3:      layout_loops_ring

Skill      XL: |  1  2  3  4 |
---------------+-------------+-----
Spellcasting   | 3 |  3.4
Stealth        | 2 |  2.2
Fighting       | 1 |  1.4
Dodging        | 3 |  3.0

Action                   |  1- 3 |  4- 6 || total
-------------------------+-------+-------++-------
Melee: Unarmed           |     7 |     4 ||    11
 Cast: Foxfire           |   103 |    24 ||   127
  Use: Scroll            |     4 |       ||     4
Armor: Robe              |     4 |     1 ||     5
Dodge: Dodged            |    35 |    10 ||    45

Table legend: (Time is in decaauts)
 A = Elapsed time spent in this place.
 B = Non-inter-level travel time spent in this place.
 C = Inter-level travel time spent in this place.
 D = Time resting spent in this place.
 E = Time spent auto-exploring this place.
 F = Levels seen in this place.
 G = Mean time per level.
                   A        B        C        D        E       F      G
               +--------+--------+--------+--------+--------+-----+--------+
         Total |   3570 |   3361 |    209 |    144 |   2853 |   3 | 1190.0 |
       Dungeon |   3570 |   3361 |    209 |    144 |   2853 |   3 | 1190.0 |
               +--------+--------+--------+--------+--------+-----+--------+

Top non-repeatable levels by time:
     D:2: 1889 daAuts
     D:1: 1348 daAuts
     D:3: 332 daAuts
